 Dungeon Crawl Stone Soup version 0.25-a0-942-g87a53962fc (webtiles) character file.

Game seed: 18321997419554656717, levelgen mode: deterministic

610 Chiseanne the Skirmisher (level 7, -7/54 HPs)
             Began as a Demonspawn Wanderer on May 6, 2020.
             Mangled by a centaur (8 damage)
             ... on level 6 of the Dungeon.
             The game lasted 00:07:06 (3097 turns).

Chiseanne the Skirmisher (Demonspawn Wanderer)      Turns: 3097, Time: 00:07:07

Health: -7/54      AC:  4    Str: 11    XL:     7   Next: 20%
Magic:  0/11       EV: 12    Int: 20    God:
Gold:   37         SH:  0    Dex:  9    Spells: 10/11 levels left

rFire    . . .     SeeInvis .   s - +2 falchion
rCold    . . .     Gourm    .   (no shield)
rNeg     . . .     Faith    .   i - +0 leather armour {rPois}
rPois    +         Spirit   +   (no helmet)
rElec    .         Reflect  .   (no cloak)
rCorr    .         Harm     .   l - +0 pair of gloves
MR       .....                  (no boots)
Stlth    +.........             (no amulet)
HPRegen  0.18/turn              (no ring)
MPRegen  0.12/turn              (no ring)

@: flying
A: talons 1, magic shield
a: no special abilities


You were on level 6 of the Dungeon.
You were not hungry.

You visited 1 branch of the dungeon, and saw 6 of its levels.

You collected 37 gold pieces.

Inventory:

Hand Weapons
 a - a +2 hand axe of pain
 b - a +2 whip of flaming
 e - a +0 hunting sling
 n - a +2 short sword of holy wrath
 s - a +2 falchion (weapon)
Missiles
 c - 11 poisoned darts (quivered)
 g - 89 stones
Armour
 i - a +0 leather armour of poison resistance (worn)
 l - a +0 pair of gloves (worn)
Jewellery
 o - an uncursed amulet of harm
Scrolls
 d - 2 scrolls of amnesia
Potions
 j - a potion of stabbing
Comestibles
 f - 2 rations
 h - a chunk of flesh


   Skills:
 * Level 4.2 Fighting
 - Level 1.7 Long Blades
 - Level 1.7 Throwing
 * Level 3.2 Armour
 * Level 3.6 Dodging
 * Level 2.8 Spellcasting
   Level 1.0 Conjurations
   Level 3.0 Hexes


You had 10 spell levels left.
You knew the following spells:

 Your Spells              Type           Power        Failure   Level  Hunger
a - Animate Skeleton      Necr           N/A          19%         1    None

Your spell library contained the following spells:

 Spells                   Type           Power        Failure   Level  Hunger
 Vampiric Draining        Necr           #.........   50%         3    ###....


Dungeon Overview and Level Annotations

Branches:
Dungeon (6/15)
 Temple: D:4-7

Altars:


Innate Abilities, Weirdness & Mutations

You have sharp toenails.
When hurt, damage is shared between your health and your magic reserves.


Message History

* * * LOW HITPOINT WARNING * * *
You climb downwards.
There is a stone staircase leading up here.
You hit the centaur but do no damage. The centaur misses you.
It was a potion of flight.
You feel very buoyant.
You fly up into the air.
The centaur hits you.
* * * LOW HITPOINT WARNING * * *
The centaur hits you!
* * * LOW HITPOINT WARNING * * *
You hit the centaur.
The centaur is lightly wounded.
The centaur closely misses you. The centaur barely misses you.
You aren't carrying any items that you can evoke.
Okay, then.
Okay, then.
You hit the centaur.
The centaur is moderately wounded.
The centaur hits you!
You die...

##### #@..#
........c.#
#########.#
... ###


You could see a centaur.

Vanquished Creatures
  Pikel (D:4)
  4 slaves
  An orc priest (D:3)
  An orc wizard (D:3)
  3 adders
  2 worms
  2 leopard geckos
  7 orcs
  2 giant cockroaches
  4 goblins
  7 hobgoblins
  A jackal (D:1)
  2 kobolds
  2 ball pythons
  3 bats
  5 frilled lizards
  A jackal skeleton (D:5)
  2 rats (D:1)
50 creatures vanquished.

Notes
Turn   | Place    | Note
-------+----------+-------------------------------------------
     0 | D:1      | Chiseanne the Demonspawn Wanderer began the quest for the
                  | Orb.
     0 | D:1      | Chiseanne set off with the following items: a +2 falchion,
                  | 12 poisoned darts, a +0 dagger, a +0 robe, a ration; and
                  | the following spell memorised: Animate Skeleton; and the
                  | following spells available to memorise: Vampiric Draining
     0 | D:1      | Reached XP level 1. HP: 15/15 MP: 2/2
   369 | D:1      | Reached skill level 1 in Dodging
   369 | D:1      | Gained mutation: When hurt, damage is shared between your
                  | health and your magic reserves. [demonic ancestry]
   369 | D:1      | Reached XP level 2. HP: 15/21 MP: 3/3
   625 | D:3      | Reached skill level 2 in Fighting
   631 | D:3      | Reached XP level 3. HP: 17/27 MP: 0/4
   875 | D:2      | Reached skill level 1 in Armour
   930 | D:3      | Reached XP level 4. HP: 20/34 MP: 3/5
  1631 | D:4      | Noticed a slave
  1631 | D:4      | Noticed a slave
  1631 | D:4      | Noticed a slave
  1632 | D:4      | Noticed a slave
  1632 | D:4      | Noticed Pikel
  1659 | D:4      | Killed a slave
  1667 | D:3      | Killed a slave
  2010 | D:3      | Killed a slave
  2291 | D:4      | Killed a slave
  2433 | D:4      | Killed Pikel
  2433 | D:4      | Reached skill level 4 in Fighting
  2433 | D:4      | Reached XP level 5. HP: 3/42 MP: 1/9
  2433 | D:4      | Gained mutation: You have sharp toenails. [demonic
                  | ancestry]
  2433 | D:4      | Reached XP level 6. HP: 3/48 MP: 1/10
  2433 | D:4      | Reached XP level 7. HP: 3/54 MP: 1/11
  2793 | D:5      | Entered Level 5 of the Dungeon
  3095 | D:6      | HP: 1/54 [centaur (7)]
  3097 | D:6      | Mangled by a centaur

Levels and vault maps discovered:
D:1:      mrwooster_arrival_statue_2, layout_basic
D:2:      layout_basic, tso_metal_star
D:3:      layout_loops_cross, nrook_loot_triangle, kennysheep_generic_room_15
D:4:      layout_basic, first_ration, nicolae_ossuary_entry_giza,
          minmay_misc_feat_plants, uniq_pikel
D:5:      layout_rooms, uniq_duvessa
D:6:      layout_rooms, minmay_temple_entry_offerings, serial_co_window_serial,
          co_window_paths_b, co_window_paths_a, co_window_of_opportunity_a,
          co_window_paths_b, co_window_cross_1, co_window_paths_b,
          co_window_of_opportunity_a, co_window_of_opportunity_b,
          co_window_corner_cb, co_window_broadway_b, glass_columns_a,
          glass_columns_a, uniq_grinder

Skill      XL: |  1  2  3  4 |
---------------+-------------+-----
Dodging        | 1 3 |  3.6
Fighting       | 2 4 |  4.2
Armour         | 1 3 |  3.2
Spellcasting   | 2 |  2.8
Long Blades    | |  1.7
Throwing       | |  1.7
Conjurations   | |  1.0
Hexes          | |  3.0

Action                   |  1- 3 |  4- 6 |  7- 9 || total
-------------------------+-------+-------+-------++-------
Melee: Falchion          |    46 |    27 |    20 ||    93
       Hand axe          |    16 |    49 |       ||    65
Throw: Dart              |     7 |     4 |       ||    11
Evoke: Wand              |       |     9 |       ||     9
  Use: Scroll            |       |     3 |     1 ||     4
       Potion            |       |     1 |     1 ||     2
  Eat: Chunk             |       |     3 |     1 ||     4
       Ration            |       |     1 |       ||     1
Armor: Robe              |    12 |       |       ||    12
       Leather armour    |     4 |    12 |     3 ||    19
Dodge: Dodged            |    56 |    61 |    24 ||   141
       Rpst.: Falchion   |    12 |     5 |     4 ||    21

Table legend:
 A = Non-vault XP
 B = Vault XP
 C = Vault XP percentage of total XP
 D = Non-vault monster count
 E = Vault monster count
 F = Vault count percentage of total count
                 A         B        C        D         E       F
            +---------+---------+-------+---------+---------+-------
      Total |     199 |     673 |  77.2 |      45 |       1 |   2.2
            +---------+---------+-------+---------+---------+-------
        D:1 |      18 |       0 |   0.0 |      12 |       0 |   0.0
        D:2 |       8 |       0 |   0.0 |       4 |       0 |   0.0
        D:3 |     146 |       0 |   0.0 |      22 |       0 |   0.0
        D:4 |       9 |     673 |  98.7 |       3 |       1 |  25.0
        D:5 |      18 |       0 |   0.0 |       4 |       0 |   0.0
            +---------+---------+-------+---------+---------+-------
